Map: Cyber Forest LE

Players

RiSky - Winner!

  • Race: Zerg Zerg
  • Spawn Location: 5:00

SKillous

  • Race: Protoss Protoss
  • Spawn Location: 11:00

Event: 2019 WCS Spring

VOD

Have the link to the VOD?

Description

Time

  • Played on: May 17, 2019, 3:11 p.m.
  • Length: 9:16

All games in this series

Show
View Real Time Build Order
Export as new Build Order

RiSky Zerg - Winner!

Build Orders: Hatch First 

Get SALT Encoding   

  12  0:00  Drone  
  13  0:12  Overlord  
  13  0:17  Drone  
  14  0:30  Drone x2  
  16  0:49  Hatchery  
  15  0:51  Drone  
  15  0:55  Drone  
  17  0:58  Drone  
  18  1:10  Extractor  
  17  1:13  Spawning Pool  
  17  1:16  Drone  
  17  1:20  Drone  
  18  1:27  Drone  
  19  1:38  Drone  
  20  1:48  Overlord  
  20  2:00  Queen  
  20  2:01  Queen  
  22  2:02  Zergling x4  
  26  2:10  Drone  
  26  2:11  Metabolic Boost, Drone  
  28  2:22  Drone  
  29  2:23  Drone  
  30  2:38  Hatchery, Drone  
  30  2:43  Drone  
  31  2:48  Queen  
  33  2:51  Overlord  
  33  2:54  Drone  
  33  2:57  Drone  
  35  3:00  Drone  
  35  3:13  Drone x3  
  35  3:14  Zergling x2, Drone  
  35  3:15  Zergling x2  
  35  3:16  Overlord  
  35  3:18  Drone  
  42  3:21  Drone  
  42  3:22  Drone  
  44  3:38  Drone x2  
  46  3:41  Overlord  
  46  3:44  Drone x2  
  46  3:45  Drone  
  49  3:50  Drone  
  49  3:52  Lair  
  49  3:55  Roach Warren  
  49  4:02  Zergling x4  
  51  4:03  Drone  
  51  4:04  Drone x2  
  51  4:05  Overlord  
  51  4:06  Drone  
  55  4:13  Overlord  
  55  4:14  Drone x2  
  55  4:15  Extractor, Drone  
  55  4:16  Extractor  
  56  4:17  Overlord  
  56  4:18  Drone  
  56  4:24  Overlord  
  56  4:32  Overlord  
  56  4:37  Roach x5  
  66  4:42  Roach  
  66  4:44  Extractor  
  67  4:46  Roach x2  
  67  4:51  Zergling x4  
  67  4:52  Zergling x2  
  74  4:54  Zergling x2  
  74  4:57  Roach  
  77  5:01  Zergling x2  
  77  5:04  Zergling x2  
  78  5:08  Roach x3  
  78  5:09  Zergling x2  
  84  5:15  Zergling x4  
  84  5:19  Roach  
  85  5:28  Roach x4  
  90  5:29  Zergling x8  
  90  5:31  Glial Reconstitution  
  94  5:37  Overlord  
  94  5:39  Overlord  
  94  5:41  Zergling x2  
  95  5:48  Zergling x4  
  97  5:53  Overlord  
  97  5:55  Overlord  
  95  5:58  Roach x4  
  95  6:00  Zergling x6  
  106  6:05  Overlord  
  106  6:06  Ravager  
  106  6:07  Ravager, Drone  
  106  6:11  Drone  
  110  6:14  Ravager x2  
  110  6:16  Drone x2  
  114  6:21  Drone  
  114  6:25  Overseer  
  115  6:27  Overlord  
  115  6:28  Drone x2  
  115  6:31  Zergling x2, Drone  
  115  6:32  Zergling x6  
  121  6:37  Overlord  
  121  6:38  Ravager  
  121  6:39  Ravager  
  123  6:44  Roach x2  
  126  6:49  Roach  
  126  6:50  Roach  
  130  6:56  Evolution Chamber, Roach x3  
  130  6:58  Roach x2  
  130  7:00  Roach x2  
  143  7:06  Roach x2  
  147  7:09  Roach  
  147  7:10  Roach  
  147  7:13  Roach x2  
  153  7:19  Overlord  
  152  7:25  Overlord  
  152  7:26  Roach x3  
  151  7:30  Ravager x3  
  151  7:32  Overlord  
  153  7:39  Roach x3  
  152  7:45  Roach x2  
  152  7:48  Roach x3  
  160  7:51  Roach  
  155  7:58  Roach x2  
  155  7:59  Roach  
  155  8:01  Zergling x12  
  156  8:14  Roach x3  
  156  8:17  Roach x3  
  166  8:21  Overlord  
  166  8:26  Roach x2  
  162  8:29  Roach x2  
  162  8:33  Extractor  
  161  8:34  Roach x2  
  161  8:38  Roach x2  
  148  8:44  Roach x2  
  148  8:45  Roach  
  148  8:51  Roach x3  
  147  8:56  Ravager  
  147  8:57  Ravager  
  147  8:59  Drone x4  
  152  9:07  Extractor  
Show
View Real Time Build Order
Export as new Build Order

SKillous Protoss 

Build Orders: 1 Gate Expand, Chargelot Immortal 

Get SALT Encoding   

  12  0:00  Probe  
  13  0:13  Probe  
  14  0:19  Pylon  
  14  0:25  Probe  
  14  0:28  Assimilator  
  15  0:35  Probe  
  16  0:43  Probe, Gateway  
  17  0:52  Probe  
  18  1:05  Probe  
  19  1:17  Probe  
  20  1:23  Nexus  
  20  1:34  Cybernetics Core  
  20  1:36  Probe  
  21  1:41  Assimilator  
  21  1:48  Probe  
  21  1:51  Pylon  
  22  2:00  Probe  
  23  2:02  Sentry  
  23  2:11  Warp Gate  
  23  2:12  Probe  
  26  2:18  Stalker  
  26  2:24  Probe  
  29  2:32  Probe  
  29  2:33  Robotics Facility  
  29  2:36  Probe  
  31  2:40  Probe  
  31  2:48  Probe  
  31  2:51  Probe  
  33  2:54  Twilight Council  
  34  3:01  Probe  
  34  3:03  Probe  
  36  3:11  Immortal  
  36  3:15  Probe  
  37  3:21  Gateway  
  37  3:24  Probe  
  42  3:35  Charge  
  42  3:37  Probe  
  42  3:39  Warp Prism  
  43  3:44  Gateway  
  43  3:45  Gateway  
  43  3:46  Gateway  
  46  4:08  Gateway  
  46  4:11  Gateway  
  46  4:13  Probe  
  46  4:16  Gateway  
  46  4:25  Pylon  
  46  4:36  Pylon  
  46  4:39  Assimilator  
  46  4:41  Assimilator  
  46  4:42  Pylon  
  46  4:43  Probe x2  
  52  4:49  Zealot  
  54  4:54  Immortal  
  54  4:57  Probe  
  54  4:58  Probe  
  52  5:04  Zealot x5  
  66  5:20  Probe  
  64  5:24  Probe  
  64  5:25  Immortal  
  62  5:33  Sentry x2  
  70  5:36  Pylon  
  70  5:37  Pylon  
  70  5:38  Pylon  
  70  5:42  Pylon  
  70  5:51  Pylon  
  70  5:54  Probe x2  
  70  5:57  Sentry  
  70  5:58  Sentry x2, Immortal  
  80  6:12  Sentry  
  80  6:13  Zealot x4  
  90  6:22  Pylon  
  90  6:24  Sentry  
  90  6:25  Zealot x2  
  96  6:39  Observer  
  97  6:48  Stalker x4  
  97  6:49  Zealot x2  
  97  6:53  Zealot  
  111  6:54  Zealot  
  111  6:59  Pylon  
  113  7:13  Zealot x2  
  115  7:29  Stalker x6  
  115  7:33  Sentry  
  115  7:34  Sentry  
  109  7:47  Zealot x2  
  109  7:57  Zealot x5  
  112  7:59  Sentry  
  114  8:05  Sentry  
  114  8:06  Sentry  
  110  8:21  Sentry x2  
  110  8:22  Zealot x5  
  108  8:30  Zealot  
  74  8:42  Zealot  
  68  8:55  Zealot x5  
  58  8:58  Sentry x2  
  58  8:59  Sentry  
Tags
 
Add a new tag
Caveats
  • Supply blocks, unpowered buildings, or Contaminate may cause inaccurate times.
  • Supply counts are checked every 10 seconds.